 Dungeon Sprint DCSS version 0.26-a0-667-g92642533e4 (webtiles) character file.

Game seed: 10370412818437767159

38 TerrariaFan the Shield-Bearer (level 3, -2/30 HPs)
             Began as a Demonspawn Fighter on Oct 16, 2020.
             Slain by a worker ant (5 damage)
             ... in the Dungeon (Sprint IX: "|||||||||||||||||||||||||||||").
             The game lasted 00:00:14 (298 turns).

TerrariaFan the Shield-Bearer (Demonspawn Fighter)   Turns: 298, Time: 00:00:14

Health: -2/30      AC:  7    Str: 16    XL:     3   Next: 25%
Magic:  3/3        EV:  7    Int: 10    God:
Gold:   0          SH:  9    Dex: 12    Spells: 2/2 levels left

rFire    . . .     SeeInvis .   a - +0 war axe
rCold    . . .     Faith    .   c - +0 kite shield
rNeg     . . .     Spirit   .   b - +0 scale mail
rPois    .         Reflect  .   (no helmet)
rElec    .         Harm     .   (no cloak)
rCorr    .         Rampage  .   (no gloves)
MR       .....     NoTele   +   (no boots)
Stlth    ..........             (no amulet)
HPRegen  0.10/turn              (no ring)
MPRegen  0.08/turn              (no ring)

@: lethally poisoned (-2 -> -5)
A: hooves 1, powered by death 1
a: no special abilities


You were in the Dungeon.
You visited 1 branch

Inventory:

Hand Weapons
 a - a +0 war axe (weapon)
Armour
 b - a +0 scale mail (worn)
 c - a +0 kite shield (worn)
Scrolls
 j - a scroll of blinking
Potions
 d - a potion of might
 e - a potion of curing
 f - a potion of heal wounds
 g - a potion of haste
 h - 2 potions of magic
 i - a potion of berserk rage


   Skills:
 + Level 4.1 Fighting
 + Level 3.2 Axes
 + Level 4.0 Armour
 + Level 0.4 Dodging
 + Level 4.1 Shields


You had 2 spell levels left.
You didn't know any spells.
Your spell library was empty.

Dungeon Overview and Level Annotations

Branches:
Dungeon (1/1)

Altars:


Innate Abilities, Weirdness & Mutations

You have large cloven feet.
You regenerate a little health from kills.


Message History

Your Axes skill increases to level 3!
Your Armour skill increases to level 4!
Your Shields skill increases to level 4!
You have reached level 3!
Your experience leads to an increase in your attributes!
Increase (S)trength, (I)ntelligence, or (D)exterity?
You feel clever.
Your demonic ancestry asserts itself...
A wave of death washes over you.
You hit the worker ant but do no damage.
The worker ant barely misses you. x2
You barely miss the worker ant. You block the worker ant's attack.
The worker ant barely misses you.
You hit the worker ant but do no damage.
The worker ant bites you.
* * * LOW HITPOINT WARNING * * *
You are lethally poisoned!
The worker ant poisons you!
Your shield and scale mail prevent you from hitting the worker ant.
* * * LOW HITPOINT WARNING * * *
You feel sick. The worker ant bites you.
You die... ▓▓▓▓▓▓▓▓▓▓▓▓▓▓▓▓▓▓ +...ZZB@....')..<▓ ▓▓▓▓▓▓▓▓▓▓▓▓▓▓▓▓▓▓

You could see a worker ant, a bat zombie and an adder zombie.

Vanquished Creatures
  A hound (D)
  A dart slug (D)
  A bat (D)
  A giant cockroach (D)
  A kobold (D)
  A goblin (D)
  A rat (D)
7 creatures vanquished.

Notes
Turn   | Place    | Note
-------+----------+-------------------------------------------
     0 | D        | TerrariaFan the Demonspawn Fighter began the quest for the
                  | Orb.
     0 | D        | Reached XP level 1. HP: 18/18 MP: 1/1
   276 | D        | Noticed a worker ant
   276 | D        | Noticed a hound
   278 | D        | Gained mutation: You have large cloven feet. [demonic
                  | ancestry]
   278 | D        | Reached XP level 2. HP: 24/24 MP: 2/2
   294 | D        | Gained mutation: You regenerate a little health from kills.
                  | [demonic ancestry]
   294 | D        | Reached XP level 3. HP: 8/30 MP: 3/3
   298 | D        | Slain by a worker ant

Illustrated notes

Levels and vault maps discovered:
D:        linesprint [early_d, line_temple, items_1, d_10, items_2, lair_1,
          lair_end, items_3, orc_1, orc_end, items_4, d_15, swamp_1, shoals_1,
          snake_1, spider_1, d_20, vaults_1, items_5, swamp_end, shoals_end,
          snake_end, spider_end, vaults_end, d_27, items_6, zot_1, zot_end,
          crypt_end, forest_end, elf_end, slime_end, tomb_end, abyss_end,
          pan_hell_end]

Skill      XL: |  1  2 |
---------------+-------+-----
Axes           | 2 3 |  3.2
Armour         | 3 4 |  4.0
Shields        | 3 4 |  4.1
Fighting       | 4 |  4.1
Dodging        | |  0.4

Action                   || total
-------------------------++-------
Melee: War axe           ||    48
       Kick              ||     3
Armor: Scale mail        ||    18
Dodge: Dodged            ||    20
Block: Kite shield       ||    26

Table legend: (Time is in decaauts)
 A = Elapsed time spent in this place.
 B = Non-inter-level travel time spent in this place.
 C = Inter-level travel time spent in this place.
 D = Time resting spent in this place.
 E = Time spent auto-exploring this place.
 F = Levels seen in this place.
 G = Mean time per level.
                   A        B        C        D        E       F      G
               +--------+--------+--------+--------+--------+-----+--------+
         Total |    320 |    320 |      0 |    234 |      6 |   1 |  320.0 |
       Dungeon |    320 |    320 |      0 |    234 |      6 |   1 |  320.0 |
               +--------+--------+--------+--------+--------+-----+--------+

Top non-repeatable levels by time:
       D: 320 daAuts
